 Dungeon Crawl Stone Soup version 0.19.0-24-gb05acd6 (webtiles) character file.

116 Gargoyl the Skirmisher (level 4, -4/37 HPs)
             Began as a Demonspawn Abyssal Knight on Nov 21, 2016.
             Was a Follower of Lugonu.
             Slain by Grinder (6 damage)
             ... on level 3 of the Dungeon.
             The game lasted 00:04:15 (2787 turns).

Gargoyl the Skirmisher (Demonspawn Abyssal Knight)  Turns: 2787, Time: 00:04:16

Health: -4/37      AC: 12    Str:  8 (10) XL:     4   Next: 70%
Magic:  6/6        EV:  2    Int: 13      God:    Lugonu [*.....]
Gold:   144        SH:  9    Dex: 15 (17) Spells: 0 memorised, 3 levels left

rFire  . . .     SeeInvis .     a - +1 hand axe
rCold  . . .     Gourm    .     e - +0 plate armour
rNeg   . . .     Faith    .     f - +2 shield
rPois  .         Spirit   .     (helmet restricted)
rElec  .         Reflect  .     n - +0 cloak
rCorr  .         Harm     .     (no gloves)
MR     .....     Clarity  +     (no boots)
Stlth  ..........               (no amulet)
                                (no ring)
                                (no ring)

@: agile
A: antennae 1, blurry vision 1, clarity, weak 2, wild magic 1
a: Depart the Abyss, Renounce Religion


You were on level 3 of the Dungeon.
You worshipped Lugonu.
Lugonu was aware of your devotion.
You were not hungry.

You visited 1 branch of the dungeon, and saw 3 of its levels.
You visited the Abyss 1 time.

You collected 144 gold pieces.

Inventory:

Hand Weapons
 a - a +1 hand axe (weapon)
Armour
 e - a +0 plate armour (worn)
 f - a +2 shield (worn)
 n - a +0 cloak (worn)
Scrolls
 b - a scroll of identify
 l - 2 scrolls of remove curse
Comestibles
 c - 3 bread rations
 j - a meat ration
 o - 4 fruits


   Skills:
 + Level 3.7 Fighting
 + Level 2.5 Axes
 * Level 2.8 Armour
 + Level 1.1 Dodging
 + Level 0.8 Shields
 * Level 3.4 Invocations


You had 3 spell levels left.
You didn't know any spells.

Dungeon Overview and Level Annotations

Branches:
Dungeon (3/15)

Altars:
Fedhas
Gozag

Annotations:
D:3 Grinder


Innate Abilities, Weirdness & Mutations

You have a pair of small antennae on your head.
Scrolls take you a little longer to read.
You possess an exceptional clarity of mind.
You are very weak. (Str -4)
Your spells are a little harder to cast, but a little more powerful.


Message History

Grinder hits you but does no damage.
You closely miss Grinder.
Grinder is heavily wounded.
You block Grinder's attack. Grinder gestures at you.
You barely resist.
Your plate armour prevents you from hitting Grinder.
Grinder is heavily wounded.
You hear the brisk rusting of a distant drain.
You block Grinder's attack.
Your plate armour prevents you from hitting Grinder.
Grinder is heavily wounded.
Grinder hits you.
* * * LOW HITPOINT WARNING * * *
Your shield and plate armour prevent you from hitting Grinder.
Grinder is heavily wounded.
Grinder hits you.
* * * LOW HITPOINT WARNING * * *
You writhe in agony.
You die...

#.#
#.#............
#.#
#...............
#.#
#.#####.#####...
#.#####.# #)#
#... #.......#
#.# #...
#.#####†# #.#
#... #.#...#.#
#.# #...
#.#.#5#.# #.#
#..^ #.#.#@#.#
#.# #...
#...#.#.#
#.########
#..#####.#.#
#.........
#..........#
##########
#......#####
..#####


You could see Grinder.

Vanquished Creatures
  Ijyb (D:3)
  2 adders (D:2)
  4 oozes
  2 worms (D:2)
  A dart slug (D:2)
  3 orcs (D:3)
  A ball python (D:1)
  3 bats
  2 giant cockroaches (D:2)
  5 goblins
  5 hobgoblins
  2 jackals (D:2)
  8 kobolds
  3 frilled lizards
  5 rats
47 creatures vanquished.

Notes
Turn   | Place    | Note
-------+----------+-------------------------------------------
     0 | Abyss:1  | Gargoyl the Demonspawn Abyssal Knight began the quest for the Orb.
     0 | Abyss:1  | Reached XP level 1. HP: 18/18 MP: 2/2
    43 | Abyss:1  | Noticed a ynoxinul
    98 | Abyss:2  | Noticed a shadow demon
   101 | D:1      | Escaped the Abyss
   377 | D:1      | Reached * piety under Lugonu
   399 | D:1      | Gained mutation: You have a pair of small antennae on your head. [demonic ancestry]
   399 | D:1      | Reached XP level 2. HP: 20/24 MP: 3/3
  1096 | D:2      | Reached skill level 1 in Dodging
  1216 | D:2      | Reached XP level 3. HP: 29/29 MP: 4/4
  1617 | D:2      | Found an opulent altar of Gozag.
  1913 | D:2      | Found a blossoming altar of Fedhas.
  2057 | D:2      | Gained mutation: You occasionally shout uncontrollably at your foes. [potion of mutation]
  2057 | D:2      | Lost mutation: You occasionally shout uncontrollably at your foes. [potion of mutation]
  2057 | D:2      | Gained mutation: You are weak. (Str -2) [potion of mutation]
  2068 | D:2      | HP: 1/29 [adder (4)]
  2073 | D:2      | Reached XP level 4. HP: 8/36 MP: 6/6
  2292 | D:2      | Gained mutation: Your spells are a little harder to cast, but a little more powerful. [potion of mutation]
  2292 | D:2      | Gained mutation: You are very weak. (Str -4) [potion of mutation]
  2292 | D:2      | Gained mutation: Scrolls take you a little longer to read. [potion of mutation]
  2679 | D:3      | Noticed Ijyb
  2691 | D:3      | Killed Ijyb
  2741 | D:3      | Noticed Grinder
  2762 | D:3      | Gained mutation: You possess an exceptional clarity of mind. [potion of mutation]
  2769 | D:3      | Paralysed by Grinder for 2 turns
  2787 | D:3      | Slain by Grinder

Skill      XL: |  1  2  3 |
---------------+----------+-----
Armour         | 2 |  2.8
Axes           | 2 |  2.5
Dodging        | 1 |  1.1
Invocations    | 3 |  3.4
Fighting       | |  3.7
Shields        | |  0.8

Action                   |  1- 3 |  4- 6 || total
-------------------------+-------+-------++-------
Melee: Hand axe          |   134 |    39 ||   173
Invok: Depart the Abyss  |     1 |       ||     1
  Use: Scroll            |     4 |     1 ||     5
       Potion            |     3 |     6 ||     9
  Eat: Chunk             |     3 |     3 ||     6
Armor: Scale mail        |    55 |    16 ||    71
       Leather armour    |     1 |       ||     1
       Plate armour      |       |     6 ||     6
Dodge: Dodged            |    42 |     5 ||    47
Block: Shield            |    60 |    12 ||    72
